 Dungeon Crawl Stone Soup version 0.23.2-1-ga50397a (webtiles) character file.

Game seed: 13801737050122332363

759 Kairos the Ruffian (level 7, -19/57 HPs)
             Began as a Ghoul Gladiator on Apr 24, 2019.
             Was a Believer of Makhleb.
             Demolished by an ogre
             ... wielding a +0 giant spiked club
              (24 damage)
             ... on level 4 of the Dungeon.
             The game lasted 00:07:31 (3161 turns).

Kairos the Ruffian (Ghoul Gladiator)                Turns: 3161, Time: 00:07:32

Health: -19/57     AC:  5    Str: 19    XL:     7   Next: 80%
Magic:  6/6        EV: 13    Int:  4    God:    Makhleb [**....]
Gold:   157        SH:  0    Dex: 10    Spells: 6/6 levels left

rFire    . . .     SeeInvis .     - Unarmed
rCold    + . .     Gourm    .   (no shield)
rNeg     + + +     Faith    .   a - +0 leather armour
rPois    ∞         Spirit   .   b - +1 helmet
rElec    .         Reflect  .   (no cloak)
rCorr    .         Harm     .   (no gloves)
MR       .....                  (no boots)
Stlth    +.........             (no amulet)
HPRegen  0.00/turn              (no ring)
MPRegen  0.10/turn              (no ring)

@: rotting
A: rotting body, claws 1, carnivore, cold resistance 1, negative energy
resistance 3, inhibited regeneration, torment resistance, unbreathing
a: Minor Destruction, Renounce Religion


You were on level 4 of the Dungeon.
You worshipped Makhleb.
Makhleb was pleased with you.
You were not hungry.

You visited 1 branch of the dungeon, and saw 5 of its levels.

You collected 157 gold pieces.

Inventory:

Hand Weapons
 h - a +1 mace of venom
Armour
 a - a +0 leather armour (worn)
 b - a +1 helmet (worn)
Scrolls
 e - a scroll of teleportation
 j - a scroll of immolation
 k - 2 scrolls of remove curse
 o - a scroll of fear
 p - a scroll of enchant armour
Potions
 f - a potion of heal wounds
 i - a potion of degeneration
 m - 2 potions of agility
Comestibles
 d - 12 rations


   Skills:
 + Level 3.0 Fighting
 + Level 2.1 Throwing
 + Level 3.3 Armour
 + Level 4.3 Dodging
 + Level 1.8 Stealth
 + Level 6.9 Unarmed Combat


You had 6 spell levels left.
You didn't know any spells.
Your spell library was empty.

Dungeon Overview and Level Annotations

Branches:
Dungeon (5/15)             Temple (0/1) D:4

Altars:
Elyvilon
Makhleb
Zin


Innate Abilities, Weirdness & Mutations

Your body is rotting away.
You thrive on raw meat.
You are immune to poison.
You have sharp fingernails.
You are carnivorous and can eat meat at any time.
Your flesh is cold resistant. (rC+)
You are immune to negative energy. (rN+++)
You do not regenerate when monsters are visible.
You are immune to unholy pain and torment.
You can survive without breathing.


Message History

Makhleb accepts your kill.
The ogre hits you with a +0 giant spiked club!
You see here a +0 giant club.
You scratch the ogre. Your claw misses the ogre.
The ogre is lightly wounded.
You closely miss the ogre.
The ogre is lightly wounded.
The ogre hits you with a +0 giant spiked club!!
You are too injured to fight recklessly!
You are too injured to fight recklessly!
You scratch the ogre but do no damage.
The ogre is lightly wounded.
The ogre hits you with a +0 giant spiked club!!
* * * LOW HITPOINT WARNING * * *
You scratch the ogre.
The ogre is moderately wounded.
You claw the ogre!
The ogre is heavily wounded.
The ogre hits you with a +0 giant spiked club!!
You die...

.....§O§###@..............# ####
......>§.###5............####..#
...§.§...# ###....##########...##
.........## ##....### ###.....#
..........######.....####......##
............(..###.....#.......#
.........##...............<....#
........## #...O...............#
....>...# #....@..............#
######### #....................#
# #....................# #
#....................# ##
##...................# .#
##..................# .#
##.................# .###
#............. ...#


You could see an ogre.

Vanquished Creatures
  Eustachio (D:5)
  2 ogres
  Blork the orc (D:3)
  2 scorpions (D:5)
  2 hounds (D:5)
  A jelly (D:5)
  A worker ant (D:3)
  8 adders
  4 worms
  2 dart slugs
  3 leopard geckos
  An orc (D:3)
  4 giant cockroaches
  13 goblins
  4 hobgoblins
  2 jackals (D:1)
  6 kobolds
  3 quokkas
  5 ball pythons
  11 bats
  9 frilled lizards
  A hobgoblin zombie (D:5)
  A jackal skeleton (D:4)
  A kobold skeleton (D:5)
  A kobold zombie (D:5)
  An orc skeleton (D:5)
  8 rats
98 creatures vanquished.

Notes
Turn   | Place    | Note
-------+----------+-------------------------------------------
     0 | D:1      | Kairos the Ghoul Gladiator began the quest for the Orb.
     0 | D:1      | Reached XP level 1. HP: 17/17 MP: 0/0
    91 | D:1      | Reached XP level 2. HP: 18/24 MP: 1/1
   268 | D:1      | Reached XP level 3. HP: 29/29 MP: 2/2
   690 | D:2      | Found a white marble altar of Elyvilon.
   826 | D:2      | Reached skill level 4 in Unarmed Combat
  1043 | D:2      | Reached XP level 4. HP: 35/37 MP: 3/3
  1220 | D:2      | Found a glowing silver altar of Zin.
  1719 | D:3      | Found a faded altar of an unknown god.
  1736 | D:3      | Became a worshipper of Makhleb the Destroyer
  1736 | D:3      | Reached * piety under Makhleb
  1796 | D:3      | Reached skill level 1 in Armour
  1961 | D:3      | Reached XP level 5. HP: 42/42 MP: 4/4
  2402 | D:4      | Noticed Blork the orc
  2427 | D:3      | Killed Blork the orc
  2427 | D:3      | Reached skill level 1 in Stealth
  2427 | D:3      | Reached skill level 5 in Unarmed Combat
  2427 | D:3      | Reached XP level 6. HP: 18/50 MP: 5/5
  2463 | D:4      | Noticed Eustachio
  2572 | D:4      | Found a staircase to the Ecumenical Temple.
  2681 | D:5      | Entered Level 5 of the Dungeon
  2692 | D:5      | Killed Eustachio
  2972 | D:5      | Reached ** piety under Makhleb
  2972 | D:5      | Reached skill level 6 in Unarmed Combat
  3057 | D:5      | Reached XP level 7. HP: 52/55 MP: 6/6
  3161 | D:4      | Demolished by an ogre

Skill      XL: |  1  2  3  4  5  6  7 |
---------------+----------------------+-----
Dodging        | 3 4 |  4.3
Unarmed Combat | 4 5 6 |  6.9
Armour         | 1 2 3 |  3.3
Stealth        | 1 |  1.8
Throwing       | 2 |  2.1
Fighting       | 3 |  3.0

Action                   |  1- 3 |  4- 6 |  7- 9 || total
-------------------------+-------+-------+-------++-------
Melee: Unarmed           |   123 |   212 |    38 ||   373
       Punch             |       |     8 |     2 ||    10
Throw: Throwing net      |       |       |     4 ||     4
  Use: Scroll            |     4 |     5 |       ||     9
       Potion            |       |     4 |       ||     4
 Stab: Held in net/web   |       |       |     3 ||     3
  Eat: Chunk             |     7 |     4 |     1 ||    12
Armor: Leather armour    |    42 |    69 |     6 ||   117
Dodge: Dodged            |    77 |   168 |     8 ||   253
